 Dungeon Crawl Stone Soup version 0.26-a0-707-g31817bcca1 (webtiles) character file.

Game seed: 3473293885334449479

59 dickylongcocking the Cudgeler (level 4, 0/48 HPs)
             Began as an Ogre Chaos Knight on Oct 26, 2020.
             Was a Plaything of Xom.
             Slain by a phantom (8 damage)
             ... on level 2 of the Dungeon.
             The game lasted 00:01:20 (1818 turns).

dickylongcocking the Cudgeler (Ogre Chaos Knight)   Turns: 1818, Time: 00:01:22

Health: 0/48       AC:  5    Str: 16      XL:     4   Next: 3%
Magic:  4/4        EV: 10    Int: 10 (13) God:    Xom [....*.]
Gold:   64         SH:  0    Dex:  9      Spells: 3/3 levels left

rFire    . . .     SeeInvis .   a - +0 mace (chaos)
rCold    . . .     Faith    .   (no shield)
rNeg     . . .     Spirit   .   b - +2 robe
rPois    .         Reflect  .   (helmet restricted)
rElec    .         Harm     .   (no cloak)
rCorr    .         Rampage  .   (gloves unavailable)
MR       .....                  (boots unavailable)
Stlth    ++........             (no amulet)
HPRegen  0.16/turn              h - ring of stealth
MPRegen  0.09/turn              (no ring)

@: flying
A: large, unfitting armour, hooves 1, tough skin 1
a: Renounce Religion


You were on level 2 of the Dungeon.
You worshipped Xom.
You were a beloved toy of Xom.
You visited 1 branch of the dungeon, and saw 3 of its levels.

You collected 64 gold pieces.

Inventory:

Hand Weapons
 a - a +0 mace of chaos (weapon)
Missiles
 g - 6 javelins (quivered)
Armour
 b - a +2 robe (worn)
Jewellery
 h - a ring of stealth (left hand)
Scrolls
 f - 5 scrolls of identify {unknown}
 i - a scroll of enchant armour {unknown}
Potions
 c - a potion of brilliance {unknown}
 d - a potion of heal wounds {unknown}
 e - a potion of flight


   Skills:
 - Level 4.0 Fighting
 * Level 4.3 Maces & Flails
 - Level 2.1 Dodging


You had 3 spell levels left.
You didn't know any spells.
Your spell library contained the following spells:

 Spells                   Type           Power        Failure   Level
 Beastly Appendage        Tmut           #.....       36%         1
 Wereblood                Tmut           #.......     50%         2
 Spider Form              Tmut/Pois      #.........   75%         3
 Ice Form                 Ice/Tmut       #.......     98%         4
 Blade Hands              Tmut           #.........   100%        5


Dungeon Overview and Level Annotations

Branches:
Dungeon (3/15)

Altars:


Innate Abilities, Weirdness & Mutations

You are too large for most types of armour.
You have tough skin. (AC +1)
You have large cloven feet.


Message History

The phantom hits you.
* * * LOW HITPOINT WARNING * * *
The phantom blinks!
Unknown command.
Throwing (i - inventory)
g - 7 javelins (quivered)
Press: ? - help, Shift-Dir - straight line, f/p - phantom
Aim: a phantom (severely damaged, unusually agile)
You throw a javelin.
The javelin pierces through the phantom but does no damage.
The phantom is severely damaged.
The phantom blinks!
Unknown command.
Unknown command.
It was a potion of flight.
You feel very buoyant.
You fly up into the air.
Xom thinks this is hilarious!
The phantom hits you!
You die...
Xom bursts into laughter!

. #. ##.# ####
###########
....####..#
#........(#
.#........#
+.........#
.......#..#
#........ยง#
.........>#
#.........#
..........#
+....W....#
.##....#..#
#...@.....#
#.......###.........#
##.#.#..#...........#
#.#.#....(.........#
#.#.#..####.########
#...#..#....#
##..##.#.####
#..##.#.# ##......#


You could see a phantom (agile).

Vanquished Creatures
  An adder (D:1)
  An ooze (D:1)
  3 leopard geckos
  A ball python (D:1)
  3 bats (D:1)
  2 giant cockroaches (D:1)
  5 hobgoblins
  3 jackals (D:1)
  8 kobolds
  A frilled lizard (D:1)
  6 goblins
  7 rats
41 creatures vanquished.

Notes
Turn   | Place    | Note
-------+----------+-------------------------------------------
     0 | D:1      | dickylongcocking the Ogre Chaos Knight began the quest for
                  | the Orb.
     0 | D:1      | Reached XP level 1. HP: 24/24 MP: 1/1
   127 | D:1      | Reached XP level 2. HP: 27/32 MP: 2/2
   297 | D:1      | XOM: silly message
   300 | D:1      | XOM: silly message
   473 | D:1      | XOM: silly message
   625 | D:1      | Reached XP level 3. HP: 19/39 MP: 3/3
   921 | D:1      | XOM: divination: detect items
  1282 | D:1      | XOM: god gift: dagger {god gift}
  1323 | D:1      | XOM: noise
  1708 | D:2      | XOM: silly message
  1726 | D:2      | XOM is BORED!
  1726 | D:2      | XOM: stat loss: -3 Int (10/13)
  1727 | D:2      | You fall into a shaft and drop 1 floor!
  1737 | D:3      | Reached XP level 4. HP: 46/48 MP: 4/4
  1775 | D:3      | XOM: give mutation
  1775 | D:3      | Gained mutation: You have large cloven feet. [Xom's grace]
  1791 | D:2      | Noticed a phantom
  1796 | D:2      | XOM: fog
  1805 | D:2      | XOM: enchant monster (good)
  1818 | D:2      | Slain by a phantom

Illustrated notes

Levels and vault maps discovered:
D:1:      dpeg_arrival_subterranean_lakeside_camping, layout_basic,
          minmay_close_crescents
D:2:      layout_basic
D:3:      layout_loops_ring, saegor_snake_ambush

Skill      XL: |  1  2  3 |
---------------+----------+-----
Maces & Flails | 3 4 |  4.3
Fighting       | |  4.0
Dodging        | |  2.1

Action                   |  1- 3 |  4- 6 || total
-------------------------+-------+-------++-------
Melee: Mace              |   116 |    21 ||   137
Throw: Javelin           |       |     4 ||     4
  Use: Potion            |       |     1 ||     1
 Stab: Sleeping          |     1 |       ||     1
Armor: Robe              |    55 |     6 ||    61
Dodge: Dodged            |    78 |     5 ||    83

Table legend: (Time is in decaauts)
 A = Elapsed time spent in this place.
 B = Non-inter-level travel time spent in this place.
 C = Inter-level travel time spent in this place.
 D = Time resting spent in this place.
 E = Time spent auto-exploring this place.
 F = Levels seen in this place.
 G = Mean time per level.
                   A        B        C        D        E       F      G
               +--------+--------+--------+--------+--------+-----+--------+
         Total |   1849 |   1838 |     11 |    270 |   1212 |   3 |  616.3 |
       Dungeon |   1849 |   1838 |     11 |    270 |   1212 |   3 |  616.3 |
               +--------+--------+--------+--------+--------+-----+--------+

Top non-repeatable levels by time:
     D:1: 1400 daAuts
     D:2: 395 daAuts
     D:3: 53 daAuts
